 Dungeon Crawl Stone Soup version 0.30.1-11-g7821555f0a (webtiles) character file.

Game seed: 17217053792300641763

1945 comborobin the Grappler (level 8, -3/74 HPs)
             Began as a Troll Delver on Dec 18, 2023.
             Slain by a black bear (6 damage)
             ... created by the rage of Trog
             ... in an ossuary.
             The game lasted 00:03:46 (4266 turns).

comborobin the Grappler (Troll Delver)              Turns: 4266, Time: 00:03:47

Health: -3/74      AC:  4    Str: 23    XL:     8   Next: 98%
Magic:  0/7        EV:  9    Int:  6    God:
Gold:   204        SH:  0    Dex: 11    Spells: 7/7 levels left

rFire   . . .        o - +27 heavy crossbow "Sniper" {heavy, Acc+∞ SInv}
rCold   . . .        (shield currently unavailable)
rNeg    . . .        a - +0 robe
rPois   +            (helmet restricted)
rElec   .            (no cloak)
rCorr   .            (gloves unavailable)
SInv    +            (boots unavailable)
Will    .....        y - amulet of guardian spirit
Stlth   ++           h - ring of wizardry
HPRegen 1.12/turn    g - ring of poison resistance
MPRegen 0.10/turn

%: guardian spirit, wizardry (x1)
@: no status effects
A: large, unfitting armour, claws 3, regeneration 1, shaggy fur 1, tough skin 1
a: no special abilities


You were in an ossuary.
You visited 1 branch of the dungeon, and saw 6 of its levels.
You also visited: Ossuary.

You collected 204 gold pieces.

Inventory:

Hand Weapons
 o - the +27 heavy crossbow "Sniper" (weapon) {heavy, Acc+∞ SInv}
   (You found it on level 3 of the Dungeon)

   Acc+∞: It never misses its target.
   SInv:      It lets you see invisible.
Missiles
 D - a throwing net
Armour
 a - a +0 robe (worn)
Jewellery
 g - a ring of poison resistance (right claw)
 h - a ring of wizardry (left claw)
 r - a ring of flight
 x - a +6 ring of dexterity
 y - an amulet of guardian spirit (around neck)
Wands
 e - a wand of flame (15)
 m - a wand of polymorph (7)
 q - a wand of mindburst (9)
 t - a wand of paralysis (7)
 F - a wand of roots (11)
Scrolls
 b - 2 scrolls of fog
 c - a scroll of magic mapping
 d - a scroll of fear
 f - 3 scrolls of identify {unknown}
 j - a scroll of noise {unknown}
 n - a scroll of vulnerability {unknown}
 p - 2 scrolls of silence {unknown}
 v - a scroll of teleportation {unknown}
 C - a scroll of immolation {unknown}
Potions
 i - 5 potions of attraction {unknown}
 k - 3 potions of degeneration {unknown}
 l - 2 potions of might {unknown}
 s - a potion of curing
 u - a potion of flight {unknown}
 w - a potion of haste
 z - a potion of resistance {unknown}
 A - 2 potions of brilliance
 B - a potion of invisibility {unknown}
 E - 2 potions of magic {unknown}


   Skills:
 - Level 2.4 Fighting
 + Level 3.6 Ranged Weapons
 - Level 1.5 Dodging
 - Level 2.7 Stealth
 - Level 10.5 Unarmed Combat


You had 7 spell levels left.
You didn't know any spells.
Your spell library contained the following spells:

 Spells                   Type           Power      Damage    Failure   Level
 Sting                    Tmut/Pois      0%         1d3       21%         1
 Ensorcelled Hibernation  Hex/Ice        0%         N/A       28%         2
 Poisonous Vapours        Pois/Air       0%         N/A       28%         2
 Call Canine Familiar     Summ           0%         N/A       50%         3
 Mephitic Cloud           Conj/Pois/Air  0%         N/A       50%         3
 Spider Form              Tmut/Pois      0%         N/A       50%         3
 Anguish                  Hex/Necr       0%         N/A       86%         4
 Freezing Cloud           Conj/Ice/Air   0%         6-21      99%         5


Dungeon Overview and Level Annotations

Branches:
Dungeon (6/15)            Ossuary (1/1)
 Temple: D:4-7

Altars:
Dithmenos
Gozag
Trog


Innate Abilities, Weirdness & Mutations

You are too large for most types of armour.
You have claws for hands.
Your natural rate of healing is unusually fast.
You are covered in fur. (AC +1)
You have tough skin. (AC +1)


Message History

Unknown command.
There is an open door here.
You hear the slow hiss of an avalanche of sand.
There is a sand-covered staircase here.
The world spins around you as you enter the gateway.
You enter an ossuary!
Found a gate leading back out of this place.
There is an empty arch of ancient stone here.
A kobold zombie, 2 gnoll zombies, 2 hobgoblin zombies and an orc zombie come into view.
The gnoll zombie moves out of view.
The kobold zombie moves out of view.
The gnoll zombie moves out of view.
The orc zombie moves out of view.
There are monsters nearby!
You shoot a bolt. The bolt hits the hobgoblin zombie!!!
You destroy the hobgoblin zombie!
You shoot a bolt. The bolt hits the hobgoblin zombie!
You destroy the hobgoblin zombie!
Trog sends monsters to punish you. 2 black bears and 2 polar bears come into view.
There are monsters nearby!
You shoot a bolt. The bolt hits the polar bear!!
The polar bear is heavily wounded.
You shoot a bolt. The bolt hits the polar bear!!
The polar bear is almost dead.
The black bear misses you. The black bear claws you. x2
The polar bear bites you but does no damage.
The polar bear completely misses you. The polar bear closely misses you.
The black bear bites you! The black bear claws you. x2
The black bear completely misses you. The black bear barely misses you.
The black bear claws you but does no damage.
The polar bear barely misses you. The polar bear claws you. x2
The polar bear bites you! The polar bear barely misses you.
The polar bear claws you. The polar bear bites you!!
* * * LOW HITPOINT WARNING * * *
The polar bear closely misses you. The polar bear claws you.
* * * LOW HITPOINT WARNING * * *
The polar bear barely misses you. The polar bear claws you.
* * * LOW HITPOINT WARNING * * *
The polar bear claws you but does no damage.
The black bear bites you.
You die...

......
#Z...#
#....#
#....#
#....#
#....#
#..hh#
#.h@h#
#....#
#.∩∩.#
######


You could see 2 polar bears, 2 black bears and a gnoll zombie.

Vanquished Creatures
  Sigmund (D:4)
  2 water moccasins
  A black bear (D:6)
  3 ogres
  2 centaurs
  2 phantoms
  A scorpion (D:4)
  A jelly (D:5)
  5 hounds
  5 orc priests
  A gnoll bouda (D:4)
  3 iguanas
  Natasha (twice) (D:4)
  4 orc wizards
  Robin (D:3)
  10 gnolls
  7 adders
  2 worms
  A dart slug (D:3)
  16 orcs
  6 ball pythons
  8 bats
  4 endoplasms
  5 giant cockroaches
  15 goblins
  20 hobgoblins
  2 jackals (D:4)
  6 quokkas
  2 frilled lizards
  2 hobgoblin zombies (Ossuary)
  4 kobolds
  7 rats
151 creatures vanquished.

Notes
Turn   | Place    | Note
-------+----------+-------------------------------------------
     0 | D:5      | comborobin the Troll Delver began the quest for the Orb.
     0 | D:5      | Reached XP level 1. HP: 22/22 MP: 0/0
     9 | D:5      | Noticed a hound
     9 | D:5      | Noticed a hound
    26 | D:5      | Found a bloodstained altar of Trog.
    26 | D:5      | Found an opulent altar of Gozag.
    68 | D:5      | Noticed an orc wizard
    69 | D:5      | Noticed an orc priest
    76 | D:4      | Noticed Sigmund
    85 | D:4      | Killed an orc wizard
    86 | D:4      | Reached skill level 3 in Unarmed Combat
    86 | D:4      | Reached XP level 2. HP: 22/29 MP: 1/1
    95 | D:4      | Killed Sigmund
    96 | D:4      | Reached skill level 5 in Unarmed Combat
    96 | D:4      | Reached XP level 3. HP: 12/36 MP: 2/2
    96 | D:4      | Reached XP level 4. HP: 15/44 MP: 3/3
    96 | D:4      | Reached XP level 5. HP: 17/50 MP: 4/4
   162 | D:5      | Reached skill level 6 in Unarmed Combat
   209 | D:5      | Became a worshipper of Trog the Wrathful
   244 | D:5      | Reached XP level 6. HP: 54/59 MP: 5/5
   412 | D:4      | Reached skill level 7 in Unarmed Combat
   442 | D:4      | Reached XP level 7. HP: 62/66 MP: 6/6
   495 | D:4      | Noticed Natasha
   502 | D:4      | Killed Natasha
   503 | D:4      | Reached skill level 8 in Unarmed Combat
   627 | D:4      | Reached * piety under Trog
   705 | D:4      | Noticed Natasha
   710 | D:4      | Killed Natasha
   784 | D:4      | Reached skill level 9 in Unarmed Combat
  1065 | D:3      | Reached XP level 8. HP: 74/74 MP: 7/7
  1221 | D:3      | Noticed Robin
  1254 | D:3      | Reached ** piety under Trog
  1259 | D:3      | Killed Robin
  1462 | D:3      | Found a shadowy altar of Dithmenos.
  1579 | D:3      | Found the +27 heavy crossbow "Sniper" {heavy, Acc+∞ SInv}
  1840 | D:2      | Reached skill level 10 in Unarmed Combat
  2006 | D:2      | Fell from the grace of Trog
  2007 | D:2      | Got Quogoor's Exposition on the Unclean Swarm
  3858 | D:5      | Reached skill level 1 in Ranged Weapons
  4254 | D:6      | Found a sand-covered staircase.
  4260 | Ossuary  | Entered an ossuary
  4265 | Ossuary  | Noticed a polar bear
  4265 | Ossuary  | Noticed a polar bear
  4266 | Ossuary  | HP: 3/74 [polar bear[the rage of Trog] (3)]
  4266 | Ossuary  | Slain by a black bear

Illustrated notes

Levels and vault maps discovered:
D:1:      lemuel_arrival_muddy, layout_basic
D:2:      layout_basic
D:3:      layout_basic, grunt_dithmenos_smoke_and_mirrors, uniq_robin
D:4:      layout_cave_pods, uniq_sigmund, uniq_natasha
D:5:      layout_rooms, gammafunk_temple_overflow_pools,
          kennysheep_generic_room_8
D:6:      layout_gridville, nicolae_ossuary_entry_plus, minmay_misc_feat_room,
          kennysheep_pointless_box, dk_noncrumbling_2
Ossuary:  ossuary_tomb_3

Skill      XL: |  1  2  3  4  5  6  7  8 |
---------------+-------------------------+-----
Unarmed Combat | 3 5 6 7 9 10 | 10.5
Ranged Weapons | 3 |  3.6
Fighting       | |  2.4
Dodging        | |  1.5
Stealth        | |  2.7

Action                     |  1- 3 |  4- 6 |  7- 9 || total
---------------------------+-------+-------+-------++-------
  Melee: Unarmed           |    12 |    66 |   156 ||   234
         Punch             |       |     3 |     6 ||     9
   Fire: Heavy crossbow    |       |       |    70 ||    70
 Invoke: Berserk           |       |       |     1 ||     1
         Renounce Religion |       |       |     1 ||     1
  Evoke: Wand              |     2 |     1 |       ||     3
    Use: Potion            |     1 |       |       ||     1
   Stab: Sleeping          |       |       |     3 ||     3
 Armour: Robe              |     3 |    19 |    62 ||    84
  Dodge: Dodged            |     1 |    24 |   102 ||   127
